 Dungeon Crawl Stone Soup version 0.20.1-1-g8b1a95d (webtiles) character file.

94 Peloso the Skirmisher (level 4, -1/35 HPs)
             Began as a Demonspawn Fighter on Oct 14, 2017.
             Slain by a gnoll
             ... wielding a +0 club
              (3 damage)
             ... on level 2 of the Dungeon.
             The game lasted 00:04:03 (1556 turns).

Peloso the Skirmisher (Demonspawn Fighter)          Turns: 1556, Time: 00:04:04

Health: -1/35      AC: 12    Str: 17    XL:     4   Next: 38%
Magic:  4/4        EV:  5    Int: 10    God:
Gold:   75         SH:  9    Dex: 12    Spells: 3/3 levels left

rFire    + + .     SeeInvis .   a - +0 long sword
rCold    + . .     Gourm    .   c - +0 shield
rNeg     . . .     Faith    .   s - +1 chain mail {rF+}
rPois    +         Spirit   .   (no helmet)
rElec    +         Reflect  .   (no cloak)
rCorr    +         Harm     .   (no gloves)
MR       .....                  (no boots)
Stlth    ..........             (no amulet)
Regen    0.2/turn               (no ring)
MPRegen  0.1/turn               (no ring)

@: resistant
A: thin metallic scales 1, nightstalker 1
a: no special abilities


You were on level 2 of the Dungeon.
You were hungry.

You visited 1 branch of the dungeon, and saw 2 of its levels.

You collected 75 gold pieces.

Inventory:

Hand Weapons
 a - a +0 long sword (weapon)
Armour
 c - a +0 shield (worn)
 s - a +1 chain mail of fire resistance (worn)
Scrolls
 g - 2 scrolls of teleportation {unknown}
 h - a scroll of enchant weapon {unknown}
 j - 3 scrolls of identify {unknown}
 k - 3 scrolls of remove curse {unknown}
 p - a scroll of fog {unknown}
Potions
 d - a potion of might
 e - a potion of degeneration {unknown}
 i - a potion of lignification {unknown}
 l - a potion of resistance
 m - a potion of curing {unknown}
 n - 2 potions of haste {unknown}
 q - a potion of brilliance {unknown}
 r - a potion of flight {unknown}
Comestibles
 b - a meat ration
 f - 2 bread rations
 o - a fruit
 t - 3 chunks of flesh


   Skills:
 + Level 3.5 Fighting
 + Level 2.5 Long Blades
 + Level 3.1 Armour
 + Level 1.0 Dodging
 + Level 0.2 Stealth
 + Level 3.3 Shields


You had 3 spell levels left.
You didn't know any spells.

Dungeon Overview and Level Annotations

Branches:
Dungeon (2/15)

Altars:
Dithmenos
Hepliaklqana
Kikubaaqudgha


Innate Abilities, Weirdness & Mutations

You are partially covered in thin metallic scales. (AC +2)
You are slightly more attuned to the shadows.


Message History

The gnoll hits you but does no damage. x2
You hit the gnoll.
The gnoll is heavily wounded.
The goblin throws a stone.
The stone hits you but does no damage. The gnoll hits you with a spear.
* * * LOW HITPOINT WARNING * * *
The gnoll hits you with a club.
* * * LOW HITPOINT WARNING * * *
You hit the gnoll.
The gnoll is heavily wounded.
The gnoll hits you but does no damage.
The goblin throws a stone.
The stone hits you but does no damage. The gnoll hits you but does no damage.
The goblin throws a stone.
The stone hits you.
* * * LOW HITPOINT WARNING * * *
The gnoll barely misses you.
It was a potion of resistance.
You feel protected.
You are feeling hungry.
The gnoll hits you with a club.
You die...

#.##.##.# #.###...##.## #.
#.##.# ##'##.....##.## #.
#..#.# ##..#.......##.## #.
##.#.# ##......._.......#
#.###...# ##....#.......#...#
##.......####.....##.....##...#
............'..g...##...##....#
###.##.........g....##.###....#
#.##.####.####@......# ##.#.#
#.#..# ..... #g...#### ###.#
#.#..#.......#...## #.#
#.#..#.......#.'## #.#
#.#......_......# #.# #....#g
.....#..# #.# ###..#.g....
#..## #.# #..# .... #...## #.#
#..####.####....# #.#


You could see 2 gnolls and a goblin.

Vanquished Creatures
  2 gnolls (D:2)
  3 adders
  An ooze (D:2)
  A worm (D:2)
  A ball python (D:1)
  8 giant cockroaches
  3 goblins
  4 hobgoblins
  5 kobolds
  2 quokkas
  3 bats
  A frilled lizard (D:2)
  4 rats
38 creatures vanquished.

Notes
Turn   | Place    | Note
-------+----------+-------------------------------------------
     0 | D:1      | Peloso the Demonspawn Fighter began the quest for the Orb.
     0 | D:1      | Reached XP level 1. HP: 18/18 MP: 1/1
   122 | D:1      | Gained mutation: You are partially covered in thin metallic scales. (AC +2) [demonic ancestry]
   122 | D:1      | Reached XP level 2. HP: 22/24 MP: 2/2
   486 | D:2      | Reached XP level 3. HP: 26/29 MP: 3/3
   552 | D:2      | Found a hazy altar of Hepliaklqana.
  1095 | D:2      | Found a shadowy altar of Dithmenos.
  1110 | D:2      | Found an ancient bone altar of Kikubaaqudgha.
  1284 | D:2      | Gained mutation: You are slightly more attuned to the shadows. [demonic ancestry]
  1284 | D:2      | Reached XP level 4. HP: 33/35 MP: 4/4
  1546 | D:2      | Reached skill level 1 in Dodging
  1556 | D:2      | Slain by a gnoll

Skill      XL: |  1  2  3  4 |
---------------+-------------+-----
Long Blades    | 2 |  2.5
Shields        | 3 |  3.3
Armour         | 3 |  3.1
Dodging        | 1 |  1.0
Fighting       | |  3.5
Stealth        | |  0.2

Action                   |  1- 3 |  4- 6 || total
-------------------------+-------+-------++-------
Melee: Long sword        |   130 |    37 ||   167
  Use: Potion            |       |     1 ||     1
  Eat: Chunk             |     1 |     1 ||     2
Armor: Scale mail        |    39 |       ||    39
       Chain mail        |    44 |    18 ||    62
Dodge: Dodged            |    50 |     7 ||    57
Block: Shield            |    81 |    18 ||    99
       Rpst.: Long sword |    16 |     1 ||    17
